 Dungeon Crawl Stone Soup version 0.30.0-5-g1a98f26d00 (webtiles) character file.

Game seed: 14543628709910658575

14 RapScallion the Chopper (level 2, 0/25 HPs)
             Began as a Hill Orc Reaver on May 12, 2023.
             Slain by a frilled lizard (1 damage)
             ... on level 1 of the Dungeon.
             The game lasted 00:01:37 (140 turns).

RapScallion the Chopper (Hill Orc Reaver)            Turns: 140, Time: 00:01:37

Health: 0/25       AC:  3    Str: 14    XL:     2   Next: 45%
Magic:  4/4        EV: 11    Int: 13    God:
Gold:   15         SH:  0    Dex:  9    Spells: 3/4 levels left

rFire   . . .        a - +0 hand axe
rCold   . . .        (no shield)
rNeg    . . .        b - +0 leather armour
rPois   .            (no helmet)
rElec   .            (no cloak)
rCorr   .            (no gloves)
SInv    .            (no boots)
Will    +....        (no amulet)
Stlth   +            c - ring of willpower
HPRegen 0.24/turn    (no ring)
MPRegen 0.09/turn

%: no passive effects
@: no status effects
A: no striking features
a: no special abilities


You were on level 1 of the Dungeon.
You visited 1 branch of the dungeon, and saw 1 of its levels.

You collected 15 gold pieces.

Inventory:

Hand Weapons
 a - a +0 hand axe (weapon)
Armour
 b - a +0 leather armour (worn)
Jewellery
 c - a ring of willpower (left hand)


   Skills:
 + Level 2.6 Fighting
 + Level 4.5 Axes
 - Level 1.5 Dodging
 + Level 1.6 Spellcasting
 + Level 3.3 Conjurations


You had 3 spell levels left.
You knew the following spells:

 Your Spells              Type           Power      Damage    Failure   Level
a - Kiss of Death         Conj/Necr      20%        2d7       17%         1

Your spell library contained the following spells:

 Spells                   Type           Power      Damage    Failure   Level
 Momentum Strike          Conj/Tloc      10%        3d8       26%         2
 Hailstorm                Conj/Ice       5%         3d4       45%         3


Dungeon Overview and Level Annotations

Branches:
Dungeon (1/15)

Altars:


Message History

The jackal bites you.
* * * LOW HITPOINT WARNING * * *
Cleave: a) +0 hand axe
Press: ? - help, Dir - move target, f - endoplasm
Aim: an endoplasm (severely wounded, about 14% to evade your +0 hand axe)
You slash the endoplasm!
You kill the endoplasm!
You hit the jackal but do no damage. You closely miss the jackal.
The jackal barely misses you. The jackal bites you.
* * * LOW HITPOINT WARNING * * *
The jackal closely misses you. The jackal barely misses you.
Cleave: a) +0 hand axe
Press: ? - help, Dir - move target, f - jackal
Aim: a jackal (almost dead, about 49% to evade your +0 hand axe)
You hit the jackal but do no damage.
The jackal is almost dead.
You barely miss the jackal. The jackal bites you.
* * * LOW HITPOINT WARNING * * *
The jackal bites you.
* * * LOW HITPOINT WARNING * * *
The jackal closely misses you.
You barely miss the jackal.
The jackal is almost dead.
You closely miss the jackal. The jackal closely misses you.
The jackal barely misses you.
The jackal bites you but does no damage.
You hit the jackal.
You kill the jackal!
You barely miss the jackal.
The jackal bites you but does no damage.
The jackal barely misses you.
You hit the jackal.
You kill the jackal!
You barely miss the frilled lizard.
The frilled lizard bites you but does no damage.
You barely miss the frilled lizard. The frilled lizard bites you.
* * * LOW HITPOINT WARNING * * *
You hit the frilled lizard but do no damage.
The frilled lizard bites you.
You die...

#.######.######.##
#......#.# #.#
#..###.#.# #.#
#........# #.#
#......#.#.# #.#
##..........# #.#
#...$...#.### #.#
#....l#.#... #.#
#...#.@†#.###
.......#####.#
###..hh. ...
##..hJ .....l
#.#..## #.....


You could see a frilled lizard.

Vanquished Creatures
  2 endoplasms (D:1)
  2 goblins (D:1)
  5 jackals (D:1)
  A bat (D:1)
  2 rats (D:1)
12 creatures vanquished.

Notes
Turn   | Place    | Note
-------+----------+-------------------------------------------
     0 | D:1      | RapScallion the Hill Orc Reaver began the quest for the
                  | Orb.
     0 | D:1      | Reached XP level 1. HP: 18/18 MP: 3/3
    59 | D:1      | Reached XP level 2. HP: 24/25 MP: 4/4
   134 | D:1      | HP: 1/25 [jackal (3)]
   139 | D:1      | HP: 1/25 [frilled lizard (1)]
   140 | D:1      | Slain by a frilled lizard

Illustrated notes

Levels and vault maps discovered:
D:1:      ncdulo_smallfort, layout_basic, hangedman_abyss_or_decor_stabs,
          minmay_bisected

Action                     || total
---------------------------++-------
  Melee: Hand axe          ||    35
 Armour: Leather armour    ||    20
  Dodge: Dodged            ||    41
